Map: Void Launch

Players

larsgj

  • Race: Terran Terran
  • Spawn Location: 6:00

Ariel

  • Race: Terran Terran
  • Spawn Location: 6:00

VOD

Have the link to the VOD?

Description

Time

  • Played on: Feb. 5, 2020, 7:19 a.m.
  • Length: 25:43
Show
View Real Time Build Order
Export as new Build Order

larsgj Terran 

Build Orders:  

Get SALT Encoding   

  12  0:04  SCV  
  13  0:21  SCV  
  14  0:32  Supply Depot  
  14  0:39  Supply Depot  
  14  0:44  SCV  
  15  1:01  SCV  
  15  1:06  Barracks  
  16  1:18  SCV  
  17  1:35  SCV  
  17  1:38  Marine  
  18  1:49  Marine  
  19  1:52  Barracks  
  19  1:55  SCV  
  19  1:59  Marine  
  22  2:12  SCV  
  22  2:16  Engineering Bay  
  23  2:57  SCV  
  24  3:28  SCV, Marine  
  24  3:29  Marine  
  25  3:38  Marine  
  25  3:39  Marine  
  27  3:41  Refinery  
  27  3:45  SCV, Refinery  
  27  3:49  Marine  
  30  3:57  Marine, Supply Depot  
  30  3:59  Marine  
  31  4:00  Supply Depot  
  31  4:02  SCV  
  31  4:07  Marine  
  34  4:19  SCV  
  36  4:26  Marine  
  36  4:27  Marine  
  38  4:36  SCV  
  38  4:37  Marine x2  
  40  4:47  Marine x2  
  41  4:54  Terran Infantry Weapons Level 1  
  41  4:57  Marine  
  43  5:09  Marine x2  
  44  5:10  Orbital Command  
  44  5:19  Marine  
  46  5:22  Supply Depot  
  46  5:23  Marine  
  46  5:29  Marine  
  48  5:33  Marine  
  48  5:39  Marine  
  49  5:48  Supply Depot  
  50  5:50  Supply Depot  
  50  5:53  Supply Depot  
  50  5:56  SCV  
  51  6:16  Bunker  
  51  6:22  Bunker  
  51  6:44  Barracks Tech Lab  
  51  6:46  Barracks Reactor  
  51  6:48  Missile Turret  
  51  6:55  Missile Turret  
  51  7:05  Factory  
  51  7:08  Medic  
  53  7:22  Medic  
  55  7:32  Medic  
  55  7:34  Terran Infantry Armor Level 1  
  57  7:56  Medic  
  59  8:06  Medic  
  61  8:15  Marine x2  
  61  8:16  Medic  
  65  8:25  Marine x2  
  65  8:26  Medic  
  69  8:36  Medic  
  54  10:13  Marine  
  54  10:14  Marine x2  
  56  10:23  Marine  
  56  10:24  Marine x2  
  59  10:34  Marine x3  
  60  10:44  Marine x3  
  63  10:50  Structure Armor  
  63  10:52  Armory  
  63  10:55  Marine  
  62  11:00  Neosteel Frame  
  62  11:03  Command Center  
  62  11:06  Unknown  
  62  11:38  Marine  
  62  11:39  Marine x2  
  62  11:48  Marine  
  62  11:49  Marine x2  
  65  11:59  Marine x3  
  68  12:09  Marine x3  
  75  12:20  Marine  
  74  12:22  Starport  
  75  12:30  Medic  
  75  12:31  Starport  
  75  12:34  Afterburners  
  77  12:40  Medic  
  77  12:45  SCV  
  80  12:56  Stabilizer Medpacks  
  80  13:02  SCV  
  81  13:19  SCV  
  82  13:36  SCV  
  83  13:47  Starport Tech Lab x2  
  83  13:52  Fusion Core  
  83  13:53  SCV  
  84  14:00  Terran Vehicle And Ship Armor Level 1  
  84  14:10  SCV  
  84  14:15  Refinery  
  84  14:18  Refinery  
  85  14:27  SCV  
  86  14:44  SCV  
  87  14:53  Terran Infantry Weapons Level 2  
  87  15:01  SCV  
  88  15:18  SCV  
  88  15:19  Supply Depot  
  89  15:20  Supply Depot  
  89  15:22  Supply Depot  
  89  15:24  Supply Depot x2  
  89  15:26  Supply Depot  
  89  15:33  Supply Depot  
  89  15:35  SCV  
  90  15:52  SCV  
  91  16:09  SCV  
  92  16:15  Battlecruiser  
  92  16:19  Battlecruiser  
  104  16:40  Terran Vehicle and Ship Weapons Level 1  
  104  17:06  Orbital Command  
  104  17:12  Battlecruiser  
  110  17:38  Medic  
  104  17:48  Medic  
  100  17:54  Battlecruiser  
  100  17:58  Medic  
  108  18:09  Medic  
  110  18:15  Terran Infantry Weapons Level 3  
  110  18:19  Medic  
  114  18:58  Battlecruiser  
  120  19:14  Supply Depot  
  120  19:16  Supply Depot  
  120  19:17  Supply Depot  
  120  19:18  Supply Depot  
  120  19:19  Supply Depot  
  117  19:20  Supply Depot, Advanced Optics  
  120  19:22  Supply Depot  
  120  19:23  Supply Depot  
  120  19:25  Supply Depot x2  
  120  19:29  Missile Turret  
  120  19:57  Missile Turret  
  120  20:26  Missile Turret  
  120  20:54  Missile Turret  
  120  20:57  Weapon Refit  
  120  21:05  Battlecruiser  
  120  21:06  Battlecruiser  
  132  21:19  Terran Vehicle and Ship Weapons Level 2  
  132  21:22  Missile Turret  
  132  21:49  Bunker  
  132  21:55  Terran Infantry Armor Level 2  
  132  21:57  Battlecruiser x2  
  144  22:24  Bunker  
  144  22:58  Bunker  
  144  23:30  Bunker  
  144  23:32  Battlecruiser x2  
  156  24:03  Bunker  
  156  24:14  Battlecruiser  
  162  24:35  Missile Turret  
  156  25:12  Bunker  
Show
View Real Time Build Order
Export as new Build Order

Ariel Terran 

Build Orders:  

Get SALT Encoding   

  12  0:05  SCV  
  13  0:22  SCV  
  13  0:29  Refinery  
  14  0:50  SCV, Refinery  
  15  1:15  SCV  
  16  1:30  Barracks  
  16  1:32  SCV  
  17  1:49  SCV  
  18  2:06  SCV  
  19  2:16  Command Center  
  19  2:23  SCV  
  20  2:40  SCV  
  21  2:52  Railgun Turret  
  21  2:57  SCV  
  22  3:13  Railgun Turret  
  22  3:21  SCV  
  23  3:38  SCV  
  24  3:46  Refinery  
  24  3:55  SCV  
  25  4:05  SCV  
  26  4:12  SCV  
  26  4:16  Barracks Tech Lab  
  27  4:23  Factory  
  27  4:29  SCV  
  29  4:33  Engineering Bay  
  28  4:40  Refinery  
  28  4:54  SCV  
  29  5:11  SCV  
  30  5:23  Terran Infantry Weapons Level 1  
  30  5:27  Factory Tech Lab  
  30  5:28  SCV  
  31  5:33  Starport  
  31  5:39  Armory  
  31  5:40  Armory  
  31  5:45  SCV  
  32  5:59  Caduceus Reactor  
  32  6:02  SCV  
  33  6:26  Barracks Tech Lab  
  33  6:37  SCV  
  34  6:44  Advanced Cloaking Field, Ghost Visor  
  34  6:54  SCV  
  34  6:55  Triple Tap  
  35  7:00  Spec Ops Ghost  
  39  7:11  Terran Vehicle And Ship Armor Level 1, Terran Vehicle and Ship Weapons Level 1  
  39  7:14  Rocket Barrage  
  39  8:03  Terran Infantry Armor Level 1  
  39  8:13  Covert Banshee  
  45  9:05  Railgun Turret x2  
  45  9:06  Railgun Turret  
  45  9:08  Railgun Turret  
  45  9:11  Missile Turret  
  45  9:26  Spec Ops Ghost  
  49  9:33  Missile Turret  
  49  9:34  Missile Turret x2  
  49  9:36  Missile Turret  
  49  11:00  Tactical Airlift  
  49  11:12  Griffin Airstrike  
  49  11:26  Railgun Turret  
  49  11:27  Railgun Turret  
  49  11:28  Railgun Turret x2  
  49  11:32  Defensive Drone  
  49  11:55  Railgun Turret  
  49  11:57  Railgun Turret  
  49  12:09  Terran Vehicle and Ship Weapons Level 2  
  49  12:10  Terran Vehicle And Ship Armor Level 2  
  49  12:11  Terran Infantry Weapons Level 2  
  49  12:23  Missile Turret  
  49  12:27  Missile Turret  
  49  12:53  Ares-Class Targeting System  
  49  13:23  Lockdown Missiles  
  49  14:27  Griffin Airstrike  
  48  14:38  Refinery  
  48  14:48  Strike Goliath  
  48  14:49  Strike Goliath  
  60  15:55  Griffin Airstrike  
  60  16:20  Missile Turret  
  60  16:24  Terran Vehicle and Ship Weapons Level 3  
  60  16:25  Terran Vehicle And Ship Armor Level 3  
  60  16:26  Terran Infantry Weapons Level 3  
  60  16:49  Missile Turret  
  60  16:59  Raven Type-II  
  62  17:00  Raven Type-II x2  
  66  17:16  Railgun Turret  
  66  17:44  Griffin Airstrike  
  66  18:16  Railgun Turret  
  66  19:07  Spec Ops Ghost  
  70  19:25  Refinery  
  70  19:47  Tactical Airlift  
  72  19:59  Defensive Drone  
  70  20:00  Defensive Drone  
  70  20:07  Griffin Airstrike  
  70  20:28  Railgun Turret  
  70  21:00  Spec Ops Ghost  
  74  22:17  Railgun Turret  
  72  22:38  Defensive Drone  
  72  24:29  Spec Ops Ghost  
  76  24:31  Strike Goliath  
  76  24:32  Strike Goliath  
  76  24:34  Raven Type-II  
  90  24:56  Tactical Airlift  
Tags
 
Commander
NovaRaynor
Matchup
Co-op
Replay Pack
Multiplayer
Add a new tag
Caveats
  • Supply blocks, unpowered buildings, or Contaminate may cause inaccurate times.
  • Supply counts are checked every 10 seconds.